Map: Simulacrum LE

Players

Frezdébwoa

  • Race: Terran Terran
  • League: Diamond
  • Spawn Location: 5:00

prospeKt - Winner!

  • Race: Zerg Zerg
  • League: Platinum
  • Spawn Location: 11:00

VOD

Have the link to the VOD?

Description

Time

  • Played on: June 3, 2020, 6:39 a.m.
  • Length: 26:45
Show
View Real Time Build Order
Export as new Build Order

Frezdébwoa Terran 

Build Orders: Reaper Expand 

Get SALT Encoding   

  12  0:01  SCV  
  13  0:13  SCV  
  14  0:21  Supply Depot  
  14  0:25  SCV  
  16  0:42  SCV  
  16  0:44  Barracks  
  16  0:55  SCV  
  17  0:58  Refinery  
  17  1:07  SCV  
  18  1:19  SCV  
  19  1:32  Orbital Command  
  19  1:37  Supply Depot  
  19  1:45  Reaper  
  20  1:57  Command Center  
  20  1:58  SCV  
  21  2:08  Barracks  
  21  2:11  SCV  
  22  2:18  Barracks Tech Lab  
  22  2:24  SCV  
  23  2:36  Refinery, SCV, Engineering Bay  
  24  2:39  Stimpack  
  24  2:40  Marine  
  25  2:48  SCV  
  26  3:01  Marine  
  26  3:05  Barracks Reactor  
  27  3:07  SCV  
  28  3:15  SCV  
  28  3:19  Marine  
  30  3:20  Terran Infantry Weapons Level 1  
  30  3:37  Marine  
  30  3:38  SCV  
  30  3:39  SCV  
  33  3:50  Factory, Marine x2  
  33  3:51  SCV  
  33  3:52  Orbital Command  
  36  4:02  Marine  
  37  4:07  SCV  
  37  4:08  Marine, Supply Depot x2  
  39  4:12  Marine  
  39  4:13  Orbital Command  
  40  4:19  Combat Shield  
  40  4:20  SCV  
  41  4:26  Marine x2  
  43  4:32  SCV  
  44  4:44  Marine x2, SCV x2  
  44  4:45  Marine  
  48  4:53  Factory Reactor, Starport  
  48  4:56  SCV  
  49  5:00  Refinery, SCV  
  49  5:02  Marine  
  51  5:07  Marine x2  
  51  5:09  SCV  
  51  5:12  SCV  
  55  5:17  Terran Infantry Armor Level 1  
  55  5:20  Marine  
  56  5:21  SCV  
  56  5:25  Marine  
  56  5:26  SCV  
  56  5:28  Marine  
  60  5:40  Medivac  
  60  5:42  Command Center  
  62  5:51  Supply Depot  
  62  5:55  Factory Tech Lab  
  62  6:01  Engineering Bay  
  62  6:02  Armory  
  62  6:08  Refinery  
  62  6:13  Medivac x2, Marine x3, SCV  
  62  6:17  Supply Depot  
  70  6:27  Supply Depot  
  70  6:36  Barracks  
  70  6:38  Barracks  
  70  6:39  Marine x2, SCV x2, Siege Tank  
  77  6:48  Medivac  
  77  6:51  SCV x2  
  81  6:54  Marine  
  81  6:56  Marine, Concussive Shells  
  81  6:57  Terran Infantry Weapons Level 2, Marauder  
  85  7:11  Siege Tank  
  86  7:28  Marauder, Barracks Tech Lab x2  
  82  7:47  Marine  
  82  7:48  Marine, Marauder x2  
  82  7:49  Marine, Siege Tank  
  81  8:21  Siege Tank  
  81  8:25  Command Center  
  84  8:29  Marine  
  84  8:30  Marine x2, Marauder x2  
  81  8:47  Marine  
  81  8:48  Marine, Marauder  
  85  8:51  Marine, Marauder  
  85  8:53  Siege Tank  
  91  8:56  Terran Vehicle Weapons Level 1, Terran Infantry Armor Level 2  
  91  9:00  SCV  
  92  9:04  Factory  
  92  9:05  Marine  
  92  9:06  Marine  
  92  9:07  Planetary Fortress  
  92  9:09  Marauder  
  96  9:20  SCV x2  
  98  9:30  Siege Tank  
  101  9:36  SCV x2  
  103  9:50  Marine  
  103  9:51  Marine x2, Marauder x2  
  110  9:56  Medivac  
  110  9:57  Medivac  
  110  9:59  SCV x2  
  116  10:30  Marine  
  116  10:34  Marine, Marauder x2, SCV, Siege Tank  
  116  10:56  Command Center  
  116  10:58  Barracks  
  116  11:01  Barracks  
  116  11:03  Factory, Barracks  
  116  11:11  Supply Depot  
  116  11:13  Supply Depot  
  116  11:15  Command Center  
  116  11:18  Supply Depot  
  116  11:24  Factory Tech Lab  
  116  11:27  Supply Depot  
  116  11:28  Supply Depot  
  116  11:30  Orbital Command  
  116  11:33  Medivac x2, Marine x4, Siege Tank  
  116  11:34  Marauder  
  118  11:41  Terran Infantry Weapons Level 3  
  118  11:46  Refinery  
  109  11:47  Refinery  
  109  11:49  SCV x3  
  109  11:51  Marine x2, Marauder  
  109  11:52  Marauder  
  118  11:54  Barracks Reactor, Barracks Tech Lab x2  
  118  11:55  Marauder  
  118  11:58  Factory Tech Lab  
  118  12:01  Siege Tank  
  123  12:05  Siege Tank  
  123  12:06  SCV x2  
  123  12:07  SCV x2  
  130  12:09  Marine  
  130  12:12  Orbital Command  
  130  12:13  Missile Turret  
  131  12:16  Medivac x2  
  131  12:18  SCV  
  131  12:19  SCV  
  137  12:25  Refinery  
  137  12:26  Refinery  
  118  12:48  Marine x3, Marauder x2  
  118  12:49  Marine x4  
  120  12:58  Terran Vehicle Weapons Level 2  
  120  13:00  Terran Infantry Armor Level 3  
  120  13:06  Marine x4  
  120  13:07  Marine x2  
  126  13:17  SCV x4  
  126  13:18  SCV  
  131  13:22  Siege Tank x2  
  131  13:23  Marauder  
  131  13:24  Marauder x2  
  119  13:51  Marauder x2  
  119  13:52  Marine x4, Marauder x3  
  133  13:56  Ghost Academy  
  133  13:58  Supply Depot x2  
  133  14:00  Siege Tank x3  
  142  14:03  Supply Depot  
  142  14:10  Marine  
  142  14:11  SCV x4  
  142  14:13  Marauder x3  
  153  14:22  Marine x3, Marauder x2  
  153  14:23  Medivac x2  
  164  14:46  Marine x4, Marauder x3  
  164  14:48  Thor  
  180  14:53  Medivac x2  
  163  15:39  Marauder x4  
  163  15:40  Marine x4, Marauder  
  177  15:52  Barracks  
  177  15:53  Barracks  
  177  15:57  Marine  
  177  15:58  Marine x2  
  177  16:00  Marauder  
  177  16:01  Marauder  
  143  16:20  Siege Tank x3  
  146  16:49  Marine x7, Marauder  
  146  16:50  Marine  
  146  16:52  Siege Tank x3  
  147  17:06  Marine  
  147  17:07  Marine x2  
  136  17:15  Marine x4, Marauder x2  
  128  17:24  Marine x3, Siege Tank  
  131  17:33  Marauder x2  
  112  17:55  Marine  
  112  17:56  Marine x4, Marauder x2  
  104  18:06  Marine, Terran Vehicle Weapons Level 3  
  104  18:14  Marine x2, Marauder  
  104  18:17  Marauder  
  110  18:33  Marine  
  110  18:34  Marine x3, Marauder  
  114  18:35  Siege Tank x2  
  114  18:36  Marauder  
  114  18:38  Marauder  
  122  18:52  Marine x4  
  122  18:55  Marauder  
  128  18:57  Marauder  
  128  19:00  Marauder  
  132  19:05  Siege Tank  
  132  19:07  Siege Tank  
  138  19:10  Marine  
  129  19:36  Marauder x2  
  130  19:47  Siege Tank  
  122  19:55  Medivac x2  
  116  20:02  Marauder  
  118  20:08  Orbital Command  
  118  20:24  Command Center  
  118  20:25  Medivac  
  118  20:31  Medivac  
  101  20:55  Medivac  
  100  20:58  Terran Vehicle And Ship Armor Level 1  
  100  21:03  Barracks Tech Lab  
  100  21:04  Barracks Reactor  
  100  21:06  SCV x3  
  100  21:07  SCV  
  104  21:14  Refinery  
  104  21:16  Marine x2, Marauder x3  
  104  21:18  SCV  
  113  21:27  Supply Depot x2  
  113  21:32  Siege Tank x3  
  122  21:34  Marine x2  
  122  21:37  Marauder  
  126  21:43  Command Center  
  122  22:01  Marine x3, Marauder x4  
  130  22:02  Marine  
  130  22:04  SCV x2  
  130  22:05  SCV  
  130  22:07  Refinery  
  137  22:15  Supply Depot x2  
  137  22:17  Supply Depot  
  137  22:22  Marauder  
  139  22:25  Supply Depot  
  139  22:27  Hellbat x3  
  145  22:45  Command Center  
  144  23:01  Marine, Marauder  
  144  23:02  Marine, Marauder x2  
  135  23:19  Marine  
  123  23:24  Viking x2  
  112  23:43  Marine x4  
  112  23:44  Marine  
  95  23:54  Viking x2  
  80  24:24  Viking x2  
  44  24:54  Viking x2  
  39  25:24  Viking x2  
  29  25:48  Orbital Command  
Show
View Real Time Build Order
Export as new Build Order

prospeKt Zerg - Winner!

Build Orders: Hatch First 

Get SALT Encoding   

  12  0:01  Drone  
  13  0:12  Overlord  
  13  0:17  Drone  
  14  0:30  Drone x2  
  14  0:34  Drone  
  17  0:54  Hatchery  
  17  0:56  Drone  
  17  0:58  Drone  
  18  1:13  Spawning Pool  
  18  1:15  Drone  
  18  1:20  Extractor  
  18  1:21  Drone  
  18  1:28  Drone  
  19  1:39  Drone  
  20  1:49  Drone  
  21  2:00  Overlord  
  21  2:06  Drone  
  21  2:07  Queen x2  
  26  2:12  Drone  
  27  2:20  Drone  
  28  2:26  Drone  
  29  2:35  Drone x2  
  31  2:43  Drone  
  32  2:44  Drone  
  32  2:45  Queen  
  32  2:49  Lair  
  32  2:51  Drone  
  36  2:54  Overlord  
  36  3:14  Drone x2  
  36  3:15  Overlord, Drone  
  39  3:21  Drone  
  39  3:22  Drone x3  
  39  3:24  Drone  
  44  3:30  Overlord  
  44  3:31  Overlord  
  44  3:39  Drone x2  
  46  3:43  Drone  
  47  3:50  Roach Warren  
  47  3:51  Evolution Chamber  
  47  3:52  Drone x2  
  47  3:59  Extractor  
  47  4:00  Overlord x3, Extractor  
  47  4:02  Drone x4  
  49  4:11  Drone  
  49  4:13  Hatchery  
  49  4:30  Roach x8  
  65  4:32  Drone x2  
  67  4:40  Drone  
  68  4:48  Hatchery, Drone  
  68  4:50  Overlord  
  68  4:53  Glial Reconstitution  
  68  4:54  Zerg Missile Weapons Level 1  
  68  5:01  Drone  
  68  5:02  Drone x2  
  71  5:13  Drone x2  
  73  5:24  Drone x2  
  73  5:27  Spine Crawler  
  73  5:28  Drone  
  75  5:39  Drone x3  
  78  5:44  Drone  
  79  5:55  Hydralisk Den  
  78  5:59  Evolution Chamber  
  78  6:00  Drone x10  
  78  6:02  Infestation Pit  
  86  6:12  Extractor  
  86  6:17  Extractor  
  84  6:24  Drone x12  
  96  6:49  Zerg Ground Armor Level 1, Extractor  
  96  6:50  Drone x8  
  96  6:51  Drone x3  
  96  6:52  Hydralisk x3  
  112  6:56  Overlord  
  112  6:57  Overlord x3  
  112  7:14  Hatchery  
  111  7:16  Hydralisk  
  111  7:17  Hydralisk x14  
  111  7:18  Hydralisk  
  141  7:25  Hydralisk x2  
  141  7:29  Hydralisk  
  127  7:38  Hydralisk x2  
  127  7:42  Hydralisk  
  107  7:53  Drone x2  
  107  7:54  Drone x6  
  115  8:03  Lair  
  115  8:13  Drone x9  
  126  8:32  Roach x6  
  133  8:38  Spine Crawler  
  126  8:53  Drone  
  126  8:54  Drone x9  
  136  8:59  Extractor  
  136  9:02  Extractor  
  134  9:16  Spore Crawler  
  133  9:20  Spine Crawler  
  133  9:23  Hatchery  
  131  9:25  Hatchery  
  130  9:36  Spore Crawler  
  129  9:40  Spine Crawler  
  129  9:45  Hydralisk Den  
  127  9:46  Zerg Ground Armor Level 2, Zerg Missile Weapons Level 2  
  125  10:07  Roach x5  
  125  10:08  Roach  
  137  10:20  Drone  
  137  10:21  Drone x2  
  138  10:22  Overlord  
  138  10:23  Overlord x2  
  138  10:33  Drone  
  138  10:34  Drone  
  138  10:39  Queen  
  140  10:53  Spore Crawler  
  140  10:54  Hatchery  
  140  10:57  Hydralisk x11  
  138  10:59  Spine Crawler  
  159  11:11  Overlord x3  
  159  11:26  Hydralisk  
  159  11:27  Hydralisk x3  
  167  11:40  Hydralisk x12  
  167  11:44  Hive  
  189  11:58  Extractor  
  189  11:59  Extractor  
  187  12:11  Hydralisk  
  187  12:12  Hydralisk x4  
  187  12:13  Drone  
  187  12:15  Overlord  
  192  12:35  Hydralisk x6  
  192  12:36  Hydralisk x3  
  150  12:48  Hydralisk x11  
  124  13:06  Queen x2  
  124  13:09  Queen  
  124  13:12  Zerg Missile Weapons Level 3  
  130  13:13  Hydralisk x10  
  149  13:38  Spine Crawler  
  143  13:47  Muscular Augments  
  141  13:54  Hydralisk x11  
  141  13:55  Hydralisk x3  
  169  14:23  Hydralisk x2  
  169  14:24  Hydralisk x10  
  193  14:38  Hydralisk x3  
  193  14:40  Drone  
  200  14:58  Grooved Spines  
  196  15:02  Drone  
  196  15:03  Drone x3  
  200  15:15  Spine Crawler  
  191  15:46  Spine Crawler  
  191  15:49  Drone x8, Zerg Ground Armor Level 3  
  198  15:50  Drone x3, Extractor  
  198  16:03  Hydralisk x6  
  172  16:19  Hydralisk x11  
  172  16:22  Drone x6  
  184  16:48  Hatchery  
  184  16:51  Hydralisk x12  
  184  16:52  Hydralisk x3  
  187  17:06  Drone x4  
  187  17:07  Drone  
  170  17:21  Hatchery x2  
  168  17:26  Hydralisk x6  
  168  17:27  Hydralisk x7  
  180  17:48  Hatchery  
  159  17:54  Hydralisk x13  
  143  18:07  Hydralisk x8  
  159  18:15  Spire  
  158  18:34  Hydralisk x14  
  186  18:42  Hydralisk x4  
  194  19:06  Hydralisk x3  
  182  19:47  Drone x4  
  180  19:56  Corruptor x16  
  196  20:02  Extractor  
  196  20:03  Extractor  
  194  20:10  Drone x2, Extractor  
  194  20:11  Extractor  
  194  20:16  Greater Spire  
  194  20:26  Drone x2  
  160  20:57  Hydralisk  
  160  20:58  Hydralisk x19  
  180  21:57  Brood Lord  
  180  21:58  Brood Lord x12  
  200  22:02  Zerg Flyer Weapons Level 1  
  200  22:29  Hatchery  
  188  23:03  Drone  
  188  23:04  Drone x10  
  163  23:25  Hydralisk x20  
  199  23:29  Drone  
  191  23:41  Brood Lord  
  191  23:42  Brood Lord x2  
  185  23:56  Zerg Flyer Armor Level 1  
  144  24:26  Hydralisk  
  144  24:27  Hydralisk x16  
  158  24:39  Hydralisk  
  158  24:40  Hydralisk x11  
  131  25:44  Hatchery  
  109  26:43  Hatchery  
Tags
 
Add a new tag
Caveats
  • Supply blocks, unpowered buildings, or Contaminate may cause inaccurate times.
  • Supply counts are checked every 10 seconds.